 Dungeon Crawl Stone Soup version 0.30.1-9-gdf580d7c3d (webtiles) character file.

Game seed: 11803724644898868260

16 Pooter the Chopper (level 2, -2/27 HPs)
             Began as a Minotaur Berserker on Oct 18, 2023.
             Was a Follower of Trog.
             Slain by a cerulean imp
             ... wielding a +2 spear
             ... summoned by Natasha
              (3 damage)
             ... on level 2 of the Dungeon.
             The game lasted 00:03:35 (798 turns).

Pooter the Chopper (Minotaur Berserker)              Turns: 798, Time: 00:03:35

Health: -2/27      AC:  9    Str: 21    XL:     2   Next: 37%
Magic:  1/1        EV:  8    Int:  4    God:    Trog [*.....]
Gold:   95         SH:  0    Dex:  9    Spells: 1/1 levels left

rFire   . . .        a - +0 hand axe
rCold   . . .        (no shield)
rNeg    . . .        d - +0 chain mail
rPois   .            (helmet restricted)
rElec   .            (no cloak)
rCorr   .            e - +0 pair of gloves
SInv    .            (no boots)
Will    .....        (no amulet) Stlth
                     (no ring)
HPRegen 0.24/turn    (no ring)
MPRegen 0.07/turn

%: no passive effects
@: no status effects
A: horns 2, retaliatory headbutt
a: Renounce Religion, Berserk


You were on level 2 of the Dungeon.
You worshipped Trog.
Trog was aware of your devotion.
You visited 1 branch of the dungeon, and saw 2 of its levels.

You collected 95 gold pieces.

Inventory:

Hand Weapons
 a - a +0 hand axe (weapon)
Missiles
 Q - a stone (quivered)
Armour
 d - a +0 chain mail (worn)
   (You found it on level 1 of the Dungeon)
 e - a +0 pair of gloves (worn)
   (You found it on level 1 of the Dungeon)
Scrolls
 b - a scroll of magic mapping {unknown}
 c - a scroll of noise {unknown}
 f - a scroll of identify {unknown}
 g - a scroll of silence {unknown}
Potions
 h - a potion of lignification {unknown}
 i - a potion of curing {unknown}
 j - 2 potions of mutation {unknown}


   Skills:
 + Level 3.8 Fighting
 * Level 4.0 Axes
 - Level 2.4 Armour
 - Level 2.1 Dodging
 * Level 1.1 Stealth


You had one spell level left.
You didn't know any spells.
Your spell library was empty.

Dungeon Overview and Level Annotations

Branches:
Dungeon (2/15) Zot: 11197

Altars:

Annotations:
D:2 Natasha


Innate Abilities, Weirdness & Mutations

You have a pair of horns on your head.
You reflexively headbutt those who attack you in melee.


Message History

Trog accepts your kill.
Done exploring.
There is a stone staircase leading down here.
You climb downwards.
The endoplasm quivers.
Found a scroll labelled FAEJAUHOLEI.
There is a stone staircase leading up here.
A kobold comes into view. It is wielding a +0 club.
The kobold shouts!
The endoplasm hits you but does no damage.
You hit the endoplasm. You headbutt the endoplasm.
You kill the endoplasm!
Trog accepts your kill.
Natasha, Servant of Life and Death comes into view.
Natasha enters a dispersal trap!
The kobold blinks!
You blink.
Natasha blinks!
Natasha hisses angrily.
The kobold barely misses you. You furiously retaliate!
You headbutt the kobold. You hit the kobold.
You kill the kobold!
Trog accepts your kill.
Natasha mumbles some strange words.
You hit Natasha. Your headbutt misses Natasha.
Natasha claws you but does no damage.
The cerulean imp hits you from afar with a +2 spear.
You barely miss Natasha. Natasha claws you.
The cerulean imp hits you but does no damage.
You hit Natasha but do no damage. Your headbutt misses Natasha.
Natasha claws you but does no damage.
The cerulean imp hits you but does no damage.
You barely miss Natasha. You headbutt Natasha, but do no damage.
Natasha claws you. The cerulean imp closely misses you.
You hit Natasha but do no damage. You headbutt Natasha. Natasha claws you.
The cerulean imp hits you from afar with a +2 spear.
You are too injured to fight recklessly!
You fail to use your ability.
Natasha claws you.
* * * LOW HITPOINT WARNING * * *
The cerulean imp hits you from afar with a +2 spear.
* * * LOW HITPOINT WARNING * * *
You fail to use your ability.
Natasha closely misses you.
An endoplasm comes into view.
The cerulean imp hits you from afar with a +2 spear.
* * * LOW HITPOINT WARNING * * *
The endoplasm quivers.
You hit Natasha but do no damage.
Natasha mumbles some strange words.
The cerulean imp completely misses you.
You barely miss Natasha. You closely miss the cerulean imp. Natasha claws you.
* * * LOW HITPOINT WARNING * * *
The cerulean imp hits you from afar with a +2 spear.
You die...

#.?.......
##.......##
#.........#
#..J...<..#
#.........#
#.........#
#.........#
##).5....##
##.@h....#
#.......#
#.5.....#
#.........
#.......##
#...^...#
###....##
#.#..#
......


You could see Natasha, 2 cerulean imps and an endoplasm.

Vanquished Creatures
  2 endoplasms
  2 goblins (D:1)
  4 kobolds
  A quokka (D:1)
  6 rats (D:1)
15 creatures vanquished.

Notes
Turn   | Place    | Note
-------+----------+-------------------------------------------
     0 | D:1      | Pooter the Minotaur Berserker began the quest for the Orb.
     0 | D:1      | Reached XP level 1. HP: 19/19 MP: 0/0
   268 | D:1      | Reached XP level 2. HP: 27/27 MP: 1/1
   583 | D:1      | Reached skill level 4 in Axes
   671 | D:1      | Reached skill level 1 in Stealth
   785 | D:2      | Noticed Natasha
   798 | D:2      | HP: 1/27 [Natasha (2)]
   798 | D:2      | Slain by a cerulean imp

Illustrated notes

Levels and vault maps discovered:
D:1:      dpeg_arrival_ternary, layout_basic
D:2:      layout_rooms, uniq_natasha

Skill      XL: |  1  2 |
---------------+-------+-----
Axes           | 4 |  4.0
Stealth        | 1 |  1.1
Fighting       | |  3.8
Armour         | |  2.4
Dodging        | |  2.1

Action                     || total
---------------------------++-------
  Melee: Hand axe          ||    31
         Headbutt          ||     7
         Punch             ||     1
 Armour: Chain mail        ||    19
  Dodge: Dodged            ||    11
